 Dungeon Crawl Stone Soup version 0.20-a0-1109-ge3cd172 (webtiles) character file.

68 wolfsongas the Cudgeler (level 4, -3/32 HPs)
             Began as an Octopode Berserker on May 5, 2017.
             Was a Believer of Trog.
             Slain by wolfsongas's ghost (9 damage)
             ... on level 3 of the Dungeon.
             The game lasted 00:03:19 (900 turns).

wolfsongas the Cudgeler (Octopode Berserker)         Turns: 900, Time: 00:03:20

Health: -3/32      AC:  1    Str: 16    XL:     4   Next: 19%
Magic:  4/4        EV: 18    Int:  9    God:    Trog [**....]
Gold:   88         SH:  0    Dex: 12    Spells: 3/3 levels left

rFire    . . .     SeeInvis .   a - +1 mace
rCold    . . .     Gourm    .   (no shield)
rNeg     . . .     Faith    .   (helmet restricted)
rPois    .         Spirit   .   d - amulet of rage
rElec    .         Reflect  .   f - ring of wizardry
rCorr    .         Harm     .   e - +4 ring of evasion
MR       .....                  (no ring)
Stlth    +++.......             (no ring)
Regen    0.1/turn               (no ring)
MPRegen  0.1/turn               (no ring)
                                (no ring)
                                (no ring)

@: hasted and slowed
A: almost no armour, stealthy swim, amphibious, 8 rings, constrict 8, camouflage
1, gelatinous body 1
a: Berserk, Trog's Hand, Burn Spellbooks, Renounce Religion, Evoke Berserk Rage


You were on level 3 of the Dungeon.
You worshipped Trog.
Trog was pleased with you.
You were very hungry.

You visited 1 branch of the dungeon, and saw 3 of its levels.

You collected 88 gold pieces.

Inventory:

Hand Weapons
 a - a +1 mace (weapon)
Jewellery
 d - an amulet of rage (around mantle)
 e - a +4 ring of evasion (right tentacle)
 f - a ring of wizardry (left tentacle)
Potions
 h - a potion of invisibility
 i - a potion of curing
Comestibles
 b - 3 bread rations
 c - 6 fruits


   Skills:
 + Level 3.6 Fighting
 + Level 3.7 Maces & Flails
 + Level 3.6 Dodging
 + Level 1.3 Stealth


You had 3 spell levels left.
You didn't know any spells.

Dungeon Overview and Level Annotations

Branches:
Dungeon (2/15)

Altars:

Annotations:
D:3 wolfsongas's ghost, amateur OpBe


Innate Abilities, Weirdness & Mutations

You cannot wear most types of armour.
You are very stealthy in the water. (Stealth+)
You are amphibious.
You can wear up to eight rings at the same time.
You can use your tentacles to constrict eight enemies at once.
Your skin changes colour to match your surroundings (Stealth+).
Your rubbery body absorbs attacks. (AC +1, EV +1)


Message History

You are too injured to fight recklessly!
You are too injured to fight recklessly!
You are too injured to fight recklessly!
You hit wolfsongas's ghost. Your squeeze misses wolfsongas's ghost.
Wolfsongas's ghost is heavily damaged.
Wolfsongas's ghost closely misses you.
The kobold throws a stone.
The stone hits you but does no damage.
You hit wolfsongas's ghost but do no damage.
Your squeeze misses wolfsongas's ghost.
Wolfsongas's ghost is heavily damaged.
Wolfsongas's ghost closely misses you.
The kobold throws a stone.
The stone misses you. Wolfsongas's ghost hits you!
* * * LOW HITPOINT WARNING * * *
You barely miss wolfsongas's ghost.
Wolfsongas's ghost is heavily damaged.
Wolfsongas's ghost closely misses you.
You hit wolfsongas's ghost. You squeeze wolfsongas's ghost!
Wolfsongas's ghost is almost destroyed.
The kobold closely misses you. Wolfsongas's ghost hits you!
You die...

...# ##..##
...# #...#
...# #...##
...# ##...#
#### #.#.##
#.#..#
#####'##.#
........(#
......K@.#
......W..#
..........#
........#.#
........#.#
...........
########.#.#
. .#


You could see wolfsongas's ghost and a kobold.

Vanquished Creatures
  2 adders (D:3)
  An ooze (D:3)
  2 dart slugs (D:1)
  A leopard gecko (D:1)
  An orc (D:3)
  3 giant cockroaches
  3 goblins (D:1)
  A hobgoblin (D:1)
  9 jackals
  2 kobolds (D:1)
  A quokka (D:3)
  6 bats (D:1)
  2 frilled lizards (D:1)
  4 rats
38 creatures vanquished.

Notes
Turn   | Place    | Note
-------+----------+-------------------------------------------
     0 | D:1      | wolfsongas the Octopode Berserker began the quest for the Orb.
     0 | D:1      | Reached XP level 1. HP: 16/16 MP: 1/1
   148 | D:1      | Reached XP level 2. HP: 17/21 MP: 2/2
   365 | D:1      | Reached XP level 3. HP: 22/26 MP: 3/3
   735 | D:2      | You fall through a shaft!
   754 | D:3      | Reached ** piety under Trog
   798 | D:3      | Reached skill level 1 in Stealth
   863 | D:3      | Reached XP level 4. HP: 32/32 MP: 4/4
   887 | D:3      | Noticed wolfsongas's ghost (amateur OpBe)
   900 | D:3      | Slain by wolfsongas's ghost

Vault maps used:
D:1:      dpeg_arrival_central
D:2:      chequers_ecumenical_altar_simple, uniq_robin
D:3:      first_bread, makhleb_heckhound_becter

Skill      XL: |  1  2  3 |
---------------+----------+-----
Stealth        | 1 |  1.3
Fighting       | |  3.6
Maces & Flails | |  3.7
Dodging        | |  3.6

Action                   |  1- 3 |  4- 6 || total
-------------------------+-------+-------++-------
Melee: Mace              |    64 |    14 ||    78
       Constrict         |    17 |     1 ||    18
       Tentacles         |     8 |     3 ||    11
Invok: Berserk           |       |     1 ||     1
  Use: Potion            |     2 |     2 ||     4
       Scroll            |     2 |       ||     2
 Stab: Sleeping          |     6 |       ||     6
Armor: Skin              |     8 |       ||     8
Dodge: Dodged            |    62 |    16 ||    78
